 Dungeon Crawl Stone Soup version 0.18.1-48-g4cf74bf (webtiles) character file.

34 PossumBlood the Shooter (level 3, -4/26 HPs)
             Began as a High Elf Hunter on Aug 22, 2016.
             Slain by a hobgoblin (5 damage)
             ... on level 2 of the Dungeon.
             The game lasted 00:02:54 (1291 turns).

PossumBlood the Shooter (High Elf Hunter)           Turns: 1291, Time: 00:02:56

Health: -4/26      AC:  3    Str: 11    XL:     3   Next: 14%
Magic:  4/4        EV: 12    Int: 20    God:
Gold:   77         SH:  0    Dex: 16    Spells: 0 memorised, 2 levels left

rFire  . . .     SeeInvis .     b - +0 short sword
rCold  . . .     Gourm    .     c - +0 leather armour
rNeg   . . .     Faith    .     (no shield)
rPois  .         Spirit   .     (no helmet)
rElec  .         Dismiss  .     (no cloak)
rCorr  .         Reflect  .     (no gloves)
SustAt .         Harm     .     (no boots)
MR     .....                    (no amulet)
Stlth  +++.......               (no ring)
                                (no ring)

@: brilliant, lethally poisoned (-4 -> -14), very slightly contaminated, not
resistant to hostile enchantments, fairly stealthy
A: camouflage 1, MP-powered wands, sturdy frame 1
a: no special abilities


You were on level 2 of the Dungeon.
You were not hungry.

You visited 1 branch of the dungeon, and saw 2 of its levels.

You collected 77 gold pieces.

Inventory:

Hand Weapons
 a - a +1 shortbow
 b - a +0 short sword (weapon)
Missiles
 d - 16 arrows
Armour
 c - a +0 leather armour (worn)
Potions
 i - a potion of curing {unknown}
 j - a potion of heal wounds {unknown}
 k - a potion of might {unknown}
Comestibles
 l - a meat ration


   Skills:
 * Level 3.1 Fighting
 + Level 5.8 Bows
 - Level 2.1 Dodging
 - Level 1.1 Stealth


You had 2 spell levels left.
You didn't know any spells.

Dungeon Overview and Level Annotations

Branches:
Dungeon (2/15)

Altars:


Innate Abilities, Weirdness & Mutations

Your skin changes colour to match your surroundings (Stealth).
You expend magic power (3 MP) to strengthen your wands.
Your movements are slightly less encumbered by armour (ER -2).


Message History

You kill the adder!
Your Fighting skill increases to level 3!
You have reached level 3!
Your experience leads to an increase in your attributes!
Increase (S)trength, (I)ntelligence, or (D)exterity?
You feel agile.
You feel clever.
* * * LOW HITPOINT WARNING * * *
You feel sick. The bat closely misses you. The hobgoblin misses you.
Drink which item? (? for menu, Esc to quit)
It was a potion of brilliance.
You feel clever all of a sudden. The bat hits you but does no damage.
The hobgoblin closely misses you.
Drink which item? (? for menu, Esc to quit)
It was a potion of mutation.
You feel extremely strange.
You feel your magical essence link to your wands.
Your skin functions as natural camouflage.
You feel less encumbered by your armour.
* * * LOW HITPOINT WARNING * * *
You feel sick. The bat barely misses you. The hobgoblin hits you.
You die...

..# #.#
###'##
#....#
#....#
#....#
#..g.#
#.b@.#
#........#
#........#
#........#
#........#
####+#####


You could see a hobgoblin and a bat.

Vanquished Creatures
  An adder (D:2)
  3 bats (D:1)
  A giant cockroach (D:1)
  3 goblins (D:1)
  5 hobgoblins (D:1)
  A quokka (D:2)
  2 giant newts (D:1)
  4 kobolds
  2 rats
  A bush (D:1)
23 creatures vanquished.

Notes
Turn   | Place    | Note
--------------------------------------------------------------
     0 | D:1      | PossumBlood the High Elf Hunter began the quest for the Orb.
     0 | D:1      | Reached XP level 1. HP: 14/14 MP: 2/2
   184 | D:1      | Reached XP level 2. HP: 20/20 MP: 3/3
   973 | D:2      | HP: 1/20 [rat (1)]
  1289 | D:2      | Reached XP level 3. HP: 4/26 MP: 4/4
  1291 | D:2      | Gained mutation: You expend magic power (3 MP) to strengthen your wands. [potion of mutation]
  1291 | D:2      | Gained mutation: Your skin changes colour to match your surroundings (Stealth). [potion of mutation]
  1291 | D:2      | Gained mutation: Your movements are slightly less encumbered by armour (ER -2). [potion of mutation]
  1291 | D:2      | HP: 1/26 [poisoned by an adder]
  1291 | D:2      | Slain by a hobgoblin

Skill      XL: |  1  2 |
---------------+-------+-----
Fighting       | 3 |  3.1
Bows           | |  5.8
Dodging        | |  2.1
Stealth        | |  1.1

Action                   || total
-------------------------++-------
Melee: Short sword       ||   354
 Fire: Shortbow          ||    37
  Use: Scroll            ||     3
       Potion            ||     2
  Eat: Bread ration      ||     1
Armor: Leather armour    ||     5
Dodge: Dodged            ||    27
